 Dungeon Crawl Stone Soup version 0.30.1-9-gdf580d7c3d (webtiles) character file.

Game seed: 9751213558164670804

396747 wingedge the Devastator (level 21, -7/178 HPs)
             Began as a Demigod Conjurer on Sept 26, 2023.
             Shot with a bolt by a yaktaur captain (24 damage)
             ... on level 5 of the Vaults on Sept 27, 2023.
             The game lasted 04:37:23 (57482 turns).

wingedge the Devastator (Demigod Conjurer)         Turns: 57482, Time: 04:37:24

Health: -7/178     AC: 25    Str: 17    XL:     21   Next: 26%
Magic:  0/45       EV: 12    Int: 60    God:
Gold:   2407       SH: 11    Dex: 15    Spells: 5/49 levels left

rFire   + . .        a - staff of conjuration "Ximaowot" {Fragile rN++ Int+6}
rCold   + . .        v - +0 kite shield
rNeg    + + .        G - +4 scale mail "Seomav" {*Slow rElec Regen+ Str+5}
rPois   .            p - +2 hat of Yredelemnul's Approval {rF+}
rElec   +            Y - scarf {repulsion}
rCorr   .            i - +1 pair of gloves
SInv    .            g - +0 pair of boots
Will    +++..        D - amulet "Isainir" {RegenMP Int+3}
Stlth   +++          h - ring of Waeq {rC+ Int+3 Dex+3 Stlth+}
HPRegen 1.29/turn    w - ring of the Madman {Will+ Int+4}
MPRegen 0.69/turn

%: slow self (1%), repel missiles, clarity
@: ice-armoured, very slightly contaminated, studying 2 skills
A: high MP 1, forlorn, divine attributes, fangs 1, clarity
}: 2/15 runes: barnacled, gossamer
a: no special abilities


You were on level 5 of the Vaults.
You visited 7 branches of the dungeon, and saw 38 of its levels.
You also visited: Ice Cave and Desolation.

You collected 6195 gold pieces.
You spent 3788 gold pieces at shops.

Inventory:

Armour
 b - the +3 pair of gloves "Imante" {rC+ Will- Int+2}
   (You bought it in a shop on level 9 of the Dungeon)

   Int:       It affects your intelligence (+2).
   rC:        It protects you from cold.
   Will:      It decreases your willpower.
 g - a +0 pair of boots (worn)
 i - a +1 pair of gloves (worn)
 p - the +2 hat of Yredelemnul's Approval (worn) {rF+}
   (You found it on level 3 of the Elven Halls)

   rF:        It protects you from fire.
 v - a +0 kite shield (worn)
 B - the +8 ring mail "Ciduocs" {rElec Int+4 SInv}
   (You found it on level 1 of the Vaults)

   Int:       It affects your intelligence (+4).
   rElec:     It insulates you from electricity.
   SInv:      It lets you see invisible.
 G - the +4 scale mail "Seomav" (worn) {*Slow rElec Regen+ Str+5}
   (You found it on level 10 of the Dungeon)

   Str:       It affects your strength (+5).
   rElec:     It insulates you from electricity.
   Regen:     It increases your rate of health regeneration.
   *Slow:     It may slow you when you take damage.
 O - a +2 cloak of poison resistance
 Y - a scarf of repulsion (worn)
Magical Staves
 a - the staff of conjuration "Ximaowot" (weapon) {Fragile rN++ Int+6}
   (You acquired it on level 4 of the Dungeon)

   [staff of conjuration]

   Base accuracy: +5 Base damage: 5 Base attack delay: 1.2 This weapon's minimum
   attack delay (0.6) is reached at skill level 12.
   Int:       It affects your intelligence (+6).
   rN:        It greatly protects you from negative energy.
   Fragile:   It will be destroyed if unequipped.
   It falls into the 'Staves' category.
   It is a one-handed weapon.
 e - the staff of earth "Zats" {*Slow Fly rPois Str+5}
   (You found it on level 3 of the Elven Halls)

   [staff of earth]

   Base accuracy: +5 Base damage: 5 Base attack delay: 1.2 This weapon's minimum
   attack delay (0.6) is reached at skill level 12.
   Str:       It affects your strength (+5).
   rPois:     It protects you from poison.
   Fly:       It grants you flight.
   *Slow:     It may slow you when you take damage.
   It falls into the 'Staves' category.
   It is a one-handed weapon.
Jewellery
 f - the ring of Ralezoa {Fly rPois Int-3 Dex+4 Stlth+}
   (You bought it in a shop on level 14 of the Dungeon)

   [ring of flight]

   Int:       It affects your intelligence (-3).
   Dex:       It affects your dexterity (+4).
   rPois:     It protects you from poison.
   Fly:       It grants you flight.
   Stlth:     It makes you more stealthy.
 h - the ring of Waeq (left hand) {rC+ Int+3 Dex+3 Stlth+}
   (You took it off a deep elf pyromancer on level 3 of the Elven Halls)

   [ring of protection from cold]

   Int:       It affects your intelligence (+3).
   Dex:       It affects your dexterity (+3).
   rC:        It protects you from cold.
   Stlth:     It makes you more stealthy.
 q - a ring of resist corrosion
 s - a ring of see invisible
 w - the ring of the Madman (right hand) {Will+ Int+4}
   (You found it in the Desolation of Salt)

   [ring of willpower]

   Int:       It affects your intelligence (+4).
   Will:      It increases your willpower.
 x - a ring of protection from fire
 D - the amulet "Isainir" (around neck) {RegenMP Int+3}
   (You found it on level 3 of the Elven Halls)

   [amulet of magic regeneration]

   It increases your rate of magic regeneration.
   Int:       It affects your intelligence (+3).
 I - the ring of Okawaru's Hope {Wiz rN+}
   (You took it off a deep elf blademaster on level 3 of the Elven Halls)

   [ring of wizardry]

   It improves your spell success rate.
   rN:        It protects you from negative energy.
 Q - the ring of the Usurping Gods {Wiz *Corrode rPois rN+}
   (You bought it in a shop on level 14 of the Dungeon)

   [ring of wizardry]

   It improves your spell success rate.
   rPois:     It protects you from poison.
   rN:        It protects you from negative energy.
   *Corrode:  It may corrode you when you take damage.
Wands
 n - a wand of digging (21)
Scrolls
 d - 12 scrolls of teleportation
 j - a scroll of amnesia
 m - 7 scrolls of immolation
 o - a scroll of blinking
 u - 6 scrolls of poison
 L - 5 scrolls of fear
 R - 7 scrolls of fog
 S - 5 scrolls of enchant armour
 V - 3 scrolls of magic mapping
Potions
 c - 5 potions of invisibility
 l - a potion of haste
 y - 5 potions of might
 z - 3 potions of flight
 A - 13 potions of curing
 C - a potion of berserk rage
 E - a potion of cancellation
 H - 5 potions of mutation
 M - 6 potions of ambrosia
 P - 5 potions of brilliance
 T - 4 potions of heal wounds
Miscellaneous
 k - a condenser vane (inert)
 t - a phantom mirror (inert) (quivered)


   Skills:
 - Level 13.0 Fighting
 - Level 8.0 Staves
 - Level 11.0 Armour
 - Level 8.0 Dodging
 - Level 6.0 Stealth
 - Level 10.0 Shields
 + Level 14.5 Spellcasting
 - Level 17.0 Conjurations
 - Level 0.7 Hexes
 - Level 8.0 Necromancy
 - Level 6.0 Translocations
 - Level 8.0 Transmutations
 - Level 8.0 Fire Magic
 - Level 5.2 Ice Magic
 + Level 13.7 Air Magic
 - Level 8.0 Earth Magic
 - Level 4.0 Evocations


You had 5 spell levels left.
You knew the following spells:

 Your Spells              Type           Power      Damage    Failure   Level
a - Magic Dart            Conj           100%       1d8       0%          1
b - Conjure Ball Lightni  Conj/Air       74%        3x3d27    1%          6
c - Irradiate             Conj/Tmut      69%        3d34      1%          5
d - Borgnjor's Vile Clut  Necr/Erth      48%        N/A       1%          5
e - Iskenderun's Mystic   Conj/Tloc      100%       2d19      1%          4
f - Iron Shot             Conj/Erth      69%        9d13      1%          6
g - Fireball              Conj/Fire      69%        3d26      1%          5
h - Ozocubu's Armour      Ice            82%        N/A       1%          3
i - Sublimation of Blood  Necr           96%        N/A       1%          2
o - Orb of Destruction    Conj           76%        9d17      1%          7

Your spell library contained the following spells:

 Spells                   Type           Power      Damage    Failure   Level
 Kiss of Death            Conj/Necr      100%       2d13      0%          1
 Shock                    Conj/Air       100%       1d9       0%          1
 Searing Ray              Conj           100%       2d8       0%          2
 Static Discharge         Conj/Air       100%       2-7/arc   0%          2
 Swiftness                Air            100%       N/A       0%          3
 Freeze                   Ice            100%       1d10      1%          1
 Sting                    Tmut/Pois      100%       1d8       1%          1
 Summon Small Mammal      Summ           100%       N/A       1%          1
 Cigotuvi's Dreadful Rot  Necr/Pois/Air  100%       N/A       1%          2
 Ensorcelled Hibernation  Hex/Ice        100%       N/A       1%          2
 Lesser Beckoning         Tloc           100%       N/A       1%          2
 Momentum Strike          Conj/Tloc      100%       3d10      1%          2
 Passwall                 Tmut/Erth      80%        N/A       1%          2
 Poisonous Vapours        Pois/Air       100%       N/A       1%          2
 Scorch                   Fire           100%       2d9       1%          2
 Dazzling Flash           Conj/Hex       100%       N/A       1%          3
 Frozen Ramparts          Ice            100%       1d16      1%          3
 Gell's Gravitas          Tloc           86%        N/A       1%          3
 Hailstorm                Conj/Ice       100%       3d20      1%          3
 Ignite Poison            Fire/Tmut/Pois 82%        N/A       1%          3
 Inner Flame              Hex/Fire       77%        N/A       1%          3
 Mephitic Cloud           Conj/Pois/Air  100%       N/A       1%          3
 Portal Projectile        Hex/Tloc       100%       N/A       1%          3
 Teleport Other           Tloc           86%        N/A       1%          3
 Vhi's Electric Charge    Tloc/Air       100%       N/A       1%          3
 Airstrike                Air            59%        2d(9-25)  1%          4
 Animate Dead             Necr           96%        N/A       1%          4
 Dispel Undead            Necr           96%        3d30      1%          4
 Flame Wave               Conj/Fire      100%       2d21      1%          4
 Fulminant Prism          Conj/Hex       61%        3d26      1%          4
 Ice Form                 Ice/Tmut       89%        N/A       1%          4
 Petrify                  Tmut/Erth      96%        N/A       1%          4
 Sticky Flame             Conj/Fire      100%       2d11      1%          4
 Summon Lightning Spire   Summ/Air       90%        N/A       1%          4
 Agony                    Necr           96%        N/A       1%          5
 Arcjolt                  Conj/Air       74%        1d84      1%          5
 Freezing Cloud           Conj/Ice/Air   68%        6-21      1%          5
 Iskenderun's Battlesphe  Conj           100%       2d15      1%          5
 Call Imp                 Summ           86%        N/A       2%          2
 Anguish                  Hex/Necr       38%        N/A       2%          4
 Leda's Liquefaction      Hex/Erth       38%        N/A       2%          4
 Confusing Touch          Hex            52%        N/A       3%          3
 Tukima's Dance           Hex            52%        N/A       3%          3
 Call Canine Familiar     Summ           43%        N/A       4%          3
 Summon Guardian Golem    Hex/Summ       48%        N/A       4%          3
 Summon Ice Beast         Ice/Summ       66%        N/A       5%          4
 Yara's Violent Unravell  Hex/Tmut       38%        3d15      7%          5
 Alistair's Intoxication  Tmut/Pois      50%        N/A       9%          5
 Cause Fear               Hex            26%        N/A       11%         4
 Summon Forest            Summ/Tloc      34%        N/A       13%         5
 Olgreb's Toxic Radiance  Pois           43%        N/A       16%         4
 Summon Mana Viper        Hex/Summ       48%        N/A       36%         5
 Starburst                Conj/Fire      69%        6d18      1%          6
 Plasma Beam              Fire/Air       54%        2x1d75    2%          6
 Statue Form              Tmut/Erth      64%        N/A       9%          6
 Simulacrum               Ice/Necr       44%        N/A       16%         6
 Storm Form               Tmut/Air       54%        N/A       16%         7
 Maxwell's Capacitive Co  Air            59%        ∞         36%         8
 Spellforged Servitor     Conj/Summ      60%        N/A       38%         7
 Eringya's Noxious Bog    Tmut/Pois      37%        N/A       43%         6
 Lehudib's Crystal Spear  Conj/Erth      69%        10d16     52%         8
 Ozocubu's Refrigeration  Ice            41%        4d16      83%         7
 Summon Cactus Giant      Summ           21%        N/A       94%         6
 Haunt                    Necr/Summ      37%        N/A       95%         7
 Chain Lightning          Conj/Air       74%        3d98      96%         9
 Ignition                 Fire           48%        3d14      98%         8
 Infestation              Necr           48%        N/A       98%         8
 Enfeeble                 Hex            26%        N/A       100%        7
 Monstrous Menagerie      Summ           21%        N/A       100%        7
 Summon Hydra             Summ           21%        N/A       100%        7
 Discord                  Hex            26%        N/A       100%        8
 Disjunction              Tloc           43%        N/A       100%        8
 Summon Horrible Things   Summ           21%        N/A       100%        8
 Fire Storm               Conj/Fire      69%        8d17      100%        9


Dungeon Overview and Level Annotations

Branches:
Dungeon (15/15)            Temple (0/1) D:5            Lair (5/5) D:8
 Shoals (4/4) Lair:3       Spider (4/4) Lair:2        Slime (0/5) Lair:4
    Orc (2/2) D:10            Elf (3/3) Orc:2        Vaults (5/5) D:13
  Crypt (0/3) Vaults:2     Depths (0/4) D:15          IceCv (visited)
Desolation (visited)

Shops:
D:4 !   D:9 [   D:12 *   D:14 =   Orc:2 ![**   Elf:1 =(   Elf:2 *   Elf:3 (
Vaults:1 !   Vaults:2 :

Annotations:
Shoals:2 ball light -> chain light
Shoals:4 -dart, -battlesphere, OR -oz armor +plasma beam?
Spider:1 bsphere too useful to drop right now - MP efficiency | pbeam too much fire
Orc:2 no need for sinv in elf? willpower?
Elf:1 -oz armor, +vile clutch
Elf:3 decent spectral axe
Vaults:2 Servitor at some point | +iron shot, -what?
Vaults:4 -dart, +cap


Innate Abilities, Weirdness & Mutations

You have an increased reservoir of magic. (+10% MP)
You shall have no god before yourself.
Your divine heritage dramatically boosts your attributes as you level up.
You have very sharp teeth.
You possess an exceptional clarity of mind.


Message History

You blow up the yaktaur!
You hit the tentacled monstrosity.
You blast the tentacled monstrosity.
You bite the tentacled monstrosity, but do no damage.
The tentacled monstrosity is almost dead.
The tentacled monstrosity tentacle-slaps you but does no damage.
The tentacled monstrosity barely misses you.
The tentacled monstrosity tentacle-slaps you but does no damage.
The tentacled monstrosity grabs you.
The tentacled monstrosity constricts you.
* * * LOW HITPOINT WARNING * * *
The yaktaur captain shoots a bolt.
The bolt hits you but does no damage.
You barely miss the tentacled monstrosity.
The tentacled monstrosity is almost dead.
You block the tentacled monstrosity's attack.
The tentacled monstrosity tentacle-slaps you.
* * * LOW HITPOINT WARNING * * *
The tentacled monstrosity tentacle-slaps you but does no damage.
The tentacled monstrosity constricts you!
* * * LOW HITPOINT WARNING * * *
The yaktaur captain shoots a bolt.
The bolt closely misses you.
The bolt completely misses the tentacled monstrosity.
You barely miss the tentacled monstrosity.
The tentacled monstrosity is almost dead.
The tentacled monstrosity tentacle-slaps you.
* * * LOW HITPOINT WARNING * * *
You block the tentacled monstrosity's attack.
The tentacled monstrosity tentacle-slaps you.
* * * LOW HITPOINT WARNING * * *
The tentacled monstrosity constricts you.
The yaktaur captain shoots a bolt.
The bolt hits you!
* * * LOW HITPOINT WARNING * * *
Casting: Orb of Destruction (mildly dangerous; 1% risk of failure)
Confirm with . or Enter, or press ? or * to list all spells.
You feel a surge of power!
You erupt in a fountain of uncontrolled magic!
The tentacled monstrosity is blasted with magical radiation!!!
You kill the tentacled monstrosity!
You are very lightly contaminated with residual magic.
The yaktaur captain shoots a bolt.
The bolt hits you!!
You die...

[## C# .# ... .#..# .#
.#..# .. ....#
######################....#
c(......c.(.....†...)c....#
..............))..........#
.T.........)..)..)........#
D..........°C)[.@.........#
######################....#
..####.....##### p....#
...............#####...#..#
.§§§..............)†..##..#
§§§§.).........[)....##
§.§§..........(.[...##
.§§§...........(.TT.#
.§§§)..#######...p...#


You could see a stone giant and a yaktaur captain.

Vanquished Creatures
  Boris (Vaults:3)
  Bai Suzhen (Spider:4)
  The ghost of wjh11 the Executioner, a veteran MiBe of Trog (Vaults:4)
  Arachne (Spider:4)
  2 tentacled monstrosities (Vaults:5)
  Mlioglotl (Spider:1)
  4 titans
  4 deep elf blademasters (Elf:3)
  The ghost of ShellytheWitch the Warrior, an adept MiBe of Trog (Spider:4)
  3 deep elf master archers (Elf:3)
  Gastronok (Lair:3)
  2 ancient champions
  3 sphinxes (Vaults:5)
  The ghost of Weastruk the Markscentaur, an adept CeHu of Okawaru (Spider:4)
  Donald (Spider:1)
  2 tengu reavers (Vaults:5)
  A storm dragon (Shoals:4)
  Agnes (D:14)
  Ilsuiw (Shoals:3)
  2 fire giants
  6 emperor scorpions
  An iron dragon (Vaults:5)
  Aizul (Spider:1)
  6 deep elf sorcerers (Elf:3)
  3 frost giants (Vaults:5)
  6 vault wardens
  15 ironbound preservers
  2 imperial myrmidons (Desolation)
  4 ghost moths
  2 broodmothers
  6 deep elf elementalists
  A war gargoyle (Vaults:5)
  The ghost of mrw3rdna the Skirmisher, a journeyman FoHu of Okawaru (D:12)
  3 stone giants (Vaults:5)
  The ghost of monsoonserge the Wallflower, a journeyman DsMo of Uskayaw (Spider:1)
  6 ironbound thunderhulks
  Nessos (Lair:3)
  6 very ugly things
  2 halazid warlocks (Desolation)
  11 dire elephants
  6 deep elf demonologists
  6 deep elf annihilators (Elf:3)
  A spark wasp (Spider:1)
  2 ettins
  4 deep elf death magi (Elf:3)
  6 yaktaur captains
  6 entropy weavers
  5 great orbs of eyes
  10 merfolk impalers
  8 ragged hierophants (Desolation)
  8 merfolk javelineers
  3 deep elf high priests
  4 caustic shrike simulacra (IceCv)
  24 vault guards (Vaults:5)
  A jorogumo (Spider:4)
  5 hydras
  4 servants of whispers (Desolation)
  5 centaur warriors
  11 peacekeepers (Desolation)
  Erica (D:11)
  7 ironbound frosthearts
  A merfolk avatar (Shoals:4)
  3 ogre magi
  3 radroaches
  6 merfolk aquamancers
  An alligator snapping turtle (Shoals:4)
  35 dancing weapons
  5 boulder beetles
  17 two-headed ogres
  A death scarab (Spider:1)
  A satyr (Shoals:4)
  3 death yaks (Lair:1)
  A vampire mage (Vaults:2)
  A tengu warrior (D:15)
  A deep troll earth mage (Vaults:5)
  2 orc high priests
  2 spectral emperor scorpions (Spider:1)
  A hell knight (D:15)
  An iron troll (Orc:2)
  5 skeletal warriors (D:15)
  15 deep elf knights
  8 skysharks
  Amaemon (D:8)
  3 sun moths
  2 pharaoh ants (Spider:3)
  38 deep trolls
  12 sea snakes
  9 orb spiders
  9 wizards
  2 orange crystal statues (IceCv)
  8 deep elf archers
  17 ironbound convokers
  3 orc knights
  7 lindwurms
  A swamp dragon (shapeshifter) (Vaults:5)
  A stone giant zombie (Vaults:3)
  40 deep elf zephyrmancers
  27 deep elf pyromancers
  2 harpies (shapeshifter)
  3 necromancers
  5 steelbarb worms
  An orc sorcerer (Elf:2)
  6 oklob plants (Lair:4)
  28 harpies
  A human zombie (Vaults:3)
  13 wolf spiders
  8 manticores
  6 cyclopes
  35 ugly things
  11 fauns
  14 merfolk sirens
  4 black mambas
  4 moths of wrath
  7 demonic crawlers
  11 vault sentinels
  4 elephants (Lair:2)
  6 guardian serpents (Desolation)
  9 water nymphs
  An orange demon (D:8)
  4 molten gargoyles (Desolation)
  3 torpor snails
  2 gargoyles
  An emperor scorpion simulacrum (Spider:1)
  14 cane toads
  4 rime drakes
  2 unseen horrors
  3 freezing wraiths (IceCv)
  Maggie (D:10)
  Psyche (D:11)
  12 yaktaurs
  10 komodo dragons
  3 golden dragon simulacra (IceCv)
  An anaconda simulacrum (IceCv)
  A ghost moth simulacrum (Spider:1)
  12 meliai
  31 merfolk
  14 trolls
  A tarantella (shapeshifter) (D:15)
  7 polar bears
  67 saltlings (Desolation)
  18 tarantellas
  11 wind drakes
  17 hornets
  3 dream sheep
  13 blink frogs
  3 snapping turtles
  26 jumping spiders
  Sigmund (D:6)
  A centaur simulacrum (D:14)
  An ettin skeleton (Vaults:3)
  3 vampires
  10 air elementals
  31 slime creatures
  50 yaks
  3 dire elephant simulacra (IceCv)
  14 spriggans (Lair:5)
  24 culicivoras
  6 wyverns
  A shadow (D:10)
  28 water elementals
  6 wraiths
  2 fire elementals
  4 basilisks
  2 steam dragons
  55 redbacks
  15 vampire mosquitoes
  Menkaure (D:6)
  A harpy simulacrum (IceCv)
  A spectral entropy weaver (Spider:1)
  A two-headed ogre zombie (D:10)
  3 wargs
  2 acid dragons
  A hydra simulacrum (IceCv)
  18 water moccasins
  A sky beast (D:8)
  17 orc warriors
  3 black bears (Lair:5)
  6 ice beasts
  2 alligator simulacra (IceCv)
  6 boggarts
  An ettin simulacrum (IceCv)
  25 ogres
  24 wolves
  12 centaurs
  3 phantoms
  A kobold brigand (D:8)
  8 bullfrogs
  4 earth elementals (Elf:2)
  Blork the orc (D:6)
  A bullfrog (shapeshifter) (Elf:1)
  3 scorpions
  3 entropy weaver simulacra (Spider:1)
  5 wights (D:8)
  A lindwurm simulacrum (IceCv)
  5 howler monkeys
  3 electric eels
  A jelly (D:5)
  A gnoll bouda (D:4)
  13 orc priests
  2 hounds
  3 iguanas
  17 orc wizards
  7 ogre zombies (D:10)
  Robin (D:3)
  4 gnolls (D:4)
  7 adders
  2 shadow imps
  2 white imps
  2 ufetubi
  2 worms
  4 dart slugs
  64 orcs
  10 ball pythons
  2 endoplasms (D:3)
  24 goblins
  8 hobgoblins
  7 jackals (D:2)
  3 quokkas
  5 bats
  2 frilled lizards (D:1)
  A goblin skeleton (D:10)
  7 goblin zombies (D:10)
  A hobgoblin skeleton (D:10)
  A hobgoblin zombie (D:10)
  7 kobolds
  An orc skeleton (D:10)
  14 orc zombies (D:10)
  3 rats
  A ball lightning (Spider:1)
  A butterfly (Lair:5)
1652 creatures vanquished.

Vanquished Creatures (collateral kills)
  A yaktaur captain (Vaults:5)
  An iron troll (Vaults:5)
  A lindwurm (Lair:2)
  A phantasmal warrior (Vaults:5)
  A komodo dragon (Lair:3)
  4 yaks (Lair:3)
  4 ball lightnings
13 creatures vanquished.

Vanquished Creatures (others)
  Nikola (Vaults:3)
  A cane toad (Lair:3)
  A komodo dragon (Lair:3)
  78 ball lightnings
81 creatures vanquished.

Grand Total: 1746 creatures vanquished

Notes
Turn   | Place    | Note
-------+----------+-------------------------------------------
     0 | D:1      | wingedge the Demigod Conjurer began the quest for the Orb.
     0 | D:1      | Reached XP level 1. HP: 14/14 MP: 5/5
   221 | D:1      | Reached XP level 2. HP: 20/20 MP: 1/7
   280 | D:1      | Learned a level 2 spell: Searing Ray
   461 | D:1      | Reached skill level 4 in Conjurations
  1164 | D:2      | Reached XP level 3. HP: 26/26 MP: 5/9
  1201 | D:2      | Reached skill level 1 in Fighting
  1201 | D:2      | Reached XP level 4. HP: 25/36 MP: 3/11
  2723 | D:3      | Noticed Robin
  2748 | D:3      | Killed Robin
  2776 | D:3      | Reached XP level 5. HP: 29/41 MP: 0/12
  3128 | D:4      | Found Tugunus's Distillery.
  3207 | D:4      | Reached skill level 1 in Ice Magic
  3284 | D:4      | Bought a potion of heal wounds for 70 gold pieces
  3284 | D:4      | Bought a potion of lignification for 42 gold pieces
  3837 | D:4      | Reached skill level 1 in Armour
  3838 | D:4      | Reached XP level 6. HP: 48/48 MP: 1/13
  3948 | D:4      | Learned a level 3 spell: Frozen Ramparts
  4270 | D:5      | Entered Level 5 of the Dungeon
  4429 | D:5      | Noticed a water moccasin
  4440 | D:5      | Killed a water moccasin
  4526 | D:5      | Found a staircase to the Ecumenical Temple.
  4615 | D:5      | Reached skill level 5 in Ice Magic
  4689 | D:5      | Reached XP level 7. HP: 55/55 MP: 5/14
  5034 | D:6      | Noticed a steam dragon
  5052 | D:6      | Killed a steam dragon
  5130 | D:5      | Learned a level 3 spell: Hailstorm
  5189 | D:6      | Reached skill level 1 in Translocations
  5468 | D:6      | Noticed Blork the orc
  5472 | D:6      | Killed Blork the orc
  5488 | D:6      | Noticed a two-headed ogre
  5497 | D:6      | Killed a two-headed ogre
  5498 | D:6      | Reached skill level 5 in Spellcasting
  5498 | D:6      | Reached XP level 8. HP: 63/63 MP: 2/19
  5606 | D:6      | Learned a level 4 spell: Iskenderun's Mystic Blast
  5815 | D:6      | Noticed Sigmund
  5821 | D:6      | Killed Sigmund
  6217 | D:6      | Noticed Menkaure
  6219 | D:6      | Killed Menkaure
  6394 | D:6      | Reached skill level 5 in Conjurations
  6918 | D:7      | Learned a level 5 spell: Iskenderun's Battlesphere
  6940 | D:7      | Reached skill level 5 in Translocations
  6940 | D:7      | Reached XP level 9. HP: 69/69 MP: 12/21
  7620 | D:7      | You fall into a shaft and drop 1 floor!
  8132 | D:8      | Noticed a red ugly thing
  8138 | D:8      | Killed a red ugly thing
  8306 | D:8      | Noticed Amaemon
  8309 | D:8      | Noticed an orange demon
  8318 | D:8      | Killed Amaemon
  8319 | D:8      | Reached skill level 6 in Conjurations
  8324 | D:8      | Killed an orange demon
  8774 | D:8      | Reached XP level 10. HP: 78/78 MP: 11/24
  8841 | D:8      | Found a staircase to the Lair.
  8881 | D:8      | Reached skill level 1 in Transmutations
  8917 | D:8      | Reached skill level 7 in Conjurations
  9153 | D:8      | Learned a level 5 spell: Irradiate
  9412 | D:9      | Found Puameil's Antique Armour Emporium.
  9417 | D:9      | Bought a pair of ichor-stained gloves for 247 gold pieces
  9417 | D:9      | Identified the +3 pair of gloves "Imante" {rC+ Will- Int+2}
                  | (You bought it in a shop on level 9 of the Dungeon)
  9737 | D:9      | Noticed a two-headed ogre
  9744 | D:9      | Killed a two-headed ogre
 10408 | D:9      | Bought an embroidered cloak for 195 gold pieces
 10462 | Lair:1   | Entered Level 1 of the Lair of Beasts
 10501 | Lair:1   | Reached skill level 5 in Fighting
 10594 | Lair:1   | Noticed a black mamba
 10597 | Lair:1   | Killed a black mamba
 10917 | Lair:1   | Reached skill level 8 in Conjurations
 10923 | Lair:1   | Noticed a death yak
 10935 | Lair:1   | Noticed a death yak
 10975 | Lair:1   | Killed a death yak
 11331 | Lair:1   | Noticed a death yak
 11382 | Lair:1   | Reached XP level 11. HP: 86/86 MP: 2/26
 11383 | Lair:2   | Noticed a lindwurm
 11395 | Lair:2   | Killed a lindwurm
 11538 | Lair:1   | Reached skill level 9 in Conjurations
 11583 | Lair:1   | Reached skill level 1 in Necromancy
 12103 | Lair:1   | Killed a death yak
 12105 | Lair:1   | Killed a death yak
 12523 | Lair:1   | Learned a level 2 spell: Sublimation of Blood
 12798 | Lair:2   | Reached skill level 5 in Transmutations
 12877 | Lair:2   | Reached skill level 5 in Armour
 13124 | Lair:2   | Found a hole to the Spider Nest.
 13126 | Lair:2   | You fall into a shaft and drop 1 floor!
 13126 | Lair:3   | Noticed a skyshark
 13126 | Lair:3   | Found a staircase to the Shoals.
 13131 | Lair:3   | Noticed Gastronok
 13138 | Lair:3   | Noticed Nessos
 13162 | Lair:3   | Reached XP level 12. HP: 86/94 MP: 11/28
 13173 | Lair:3   | Killed Nessos
 13174 | Lair:3   | Reached skill level 5 in Necromancy
 13189 | Lair:3   | Gained mutation: You have hidden genetic defects.
                  | [mutagenic glow]
 13439 | Lair:3   | Reached skill level 10 in Conjurations
 13584 | Lair:3   | Killed Gastronok
 13662 | Lair:3   | Learned a level 5 spell: Fireball
 13824 | Lair:2   | Reached skill level 1 in Fire Magic
 14051 | Lair:2   | Gained mutation: You have terrible hidden genetic defects.
                  | [hidden defects]
 15463 | Lair:2   | Gained mutation: You are vulnerable to cold. (rC-) [hidden
                  | defects]
 15463 | Lair:2   | Lost mutation: You have terrible hidden genetic defects.
                  | [hidden defects expressed]
 16257 | Lair:4   | Found a staircase to the Slime Pits.
 16263 | Lair:4   | Gained mutation: You have terrible hidden genetic defects.
                  | [hidden defects]
 16483 | Lair:4   | Noticed a seven-headed hydra
 16490 | Lair:4   | Killed a seven-headed hydra
 16491 | Lair:4   | Reached skill level 5 in Stealth
 16491 | Lair:4   | Reached XP level 13. HP: 102/102 MP: 12/29
 16735 | Lair:4   | Gained mutation: You sometimes lose your temper in combat.
                  | [hidden defects]
 16735 | Lair:4   | Lost mutation: You have terrible hidden genetic defects.
                  | [hidden defects expressed]
 17346 | Lair:4   | Lost mutation: You sometimes lose your temper in combat.
                  | [potion of mutation]
 17346 | Lair:4   | Lost mutation: You are vulnerable to cold. (rC-) [potion of
                  | mutation]
 17346 | Lair:4   | Gained mutation: You occasionally lose the ability to read
                  | scrolls when taking damage. [potion of mutation]
 17346 | Lair:4   | Gained mutation: You are agile. (Dex +4, Str/Int -1)
                  | [potion of mutation]
 17347 | Lair:4   | Lost mutation: You are agile. (Dex +4, Str/Int -1) [potion
                  | of mutation]
 17347 | Lair:4   | Lost mutation: You occasionally lose the ability to read
                  | scrolls when taking damage. [potion of mutation]
 17347 | Lair:4   | Lost mutation: You have hidden genetic defects. [potion of
                  | mutation]
 17347 | Lair:4   | Gained mutation: You have very sharp teeth. [potion of
                  | mutation]
 17347 | Lair:4   | Gained mutation: You possess an exceptional clarity of
                  | mind. [potion of mutation]
 17774 | Lair:5   | Entered Level 5 of the Lair of Beasts
 18129 | Lair:5   | Reached skill level 5 in Fire Magic
 18826 | Lair:5   | Identified the +2 leather armour of the Comet {rElec}
 19872 | D:10     | Entered Level 10 of the Dungeon
 20035 | D:10     | Reached skill level 1 in Shields
 20213 | D:10     | Found a staircase to the Orcish Mines.
 20226 | D:10     | Identified the +4 scale mail "Seomav" {*Slow rElec Regen+
                  | Str+5}
 20816 | D:10     | Noticed Maggie
 20819 | D:10     | Killed Maggie
 21121 | Orc:1    | Entered Level 1 of the Orcish Mines
 21143 | Orc:1    | Reached skill level 11 in Conjurations
 21926 | Orc:2    | Entered Level 2 of the Orcish Mines
 22024 | Orc:2    | Reached XP level 14. HP: 91/111 MP: 11/32
 22526 | Orc:2    | Found a staircase to the Elven Halls.
 22995 | Orc:2    | Found Ytwulo Hithra's Assorted Antiques.
 23000 | Orc:2    | Found Etoex's Distillery.
 23003 | Orc:2    | Bought a scroll of summoning for 190 gold pieces
 23003 | Orc:2    | Bought a scroll of identify for 40 gold pieces
 23003 | Orc:2    | Bought a sapphire potion for 18 gold pieces
 23003 | Orc:2    | Identified a scroll of acquirement
 23006 | Orc:2    | Found Heggin's Assorted Antiques.
 23007 | Orc:2    | Found Hinnuost's Armour Emporium.
 23009 | Orc:2    | Bought a potion of ambrosia for 96 gold pieces
 23009 | Orc:2    | Bought a potion of curing for 36 gold pieces
 23022 | Orc:2    | Bought a jewelled broad axe for 234 gold pieces
 23022 | Orc:2    | Identified the +5 broad axe "Jounoig" {heavy, +Blink rC+
                  | Int-3} (You bought it in a shop on level 2 of the Orcish
                  | Mines)
 23022 | Orc:2    | Bought a scroll of teleportation for 78 gold pieces
 23022 | Orc:2    | Bought a scroll of identify for 52 gold pieces
 23033 | Orc:2    | Bought a slimy dire flail for 180 gold pieces
 23033 | Orc:2    | Identified the +5 dire flail "Goblinbane" {flame, +Blink
                  | Dex+3} (You bought it in a shop on level 2 of the Orcish
                  | Mines)
 23038 | Orc:2    | Learned a level 3 spell: Ozocubu's Armour
 23617 | D:4      | Bought a potion of ambrosia for 112 gold pieces
 23617 | D:4      | Bought a potion of heal wounds for 70 gold pieces
 23617 | D:4      | Bought 2 potions of brilliance for 112 gold pieces
 23625 | D:4      | Acquired the staff of conjuration "Ximaowot" {Fragile rN++
                  | Int+6}
 23751 | D:11     | Noticed Psyche
 23754 | D:11     | Killed Psyche
 23864 | D:11     | Noticed Erica
 23868 | D:11     | Killed Erica
 23976 | D:11     | Identified the +7 rapier "Ciabrudgh" {freeze, rN+ rCorr
                  | MP+9 Dex-4}
 25149 | D:12     | Found Batimp's General Store.
 25336 | D:12     | Found a runed translucent gate.
 25336 | D:12     | Found a runed translucent gate.
 25336 | D:12     | Found a runed translucent gate.
 25340 | D:12     | Noticed a fire giant
 25341 | D:12     | Noticed mrw3rdna's ghost (journeyman FoHu)
 25359 | D:12     | Killed mrw3rdna's ghost
 25359 | D:12     | Killed a fire giant
 25563 | D:13     | Acquired 1356 gold pieces
 25809 | D:13     | Found a gate to the Vaults.
 26064 | D:13     | Reached skill level 10 in Spellcasting
 26424 | D:14     | Found Laliehawki's Jewellery Shoppe.
 26433 | D:14     | Bought the ring of the Usurping Gods {Wiz *Corrode rPois
                  | rN+} for 557 gold pieces
 26674 | D:14     | Found a frozen archway.
 26780 | IceCv    | Entered an ice cave
 26784 | IceCv    | Reached XP level 15. HP: 118/118 MP: 22/33
 26790 | IceCv    | Reached skill level 10 in Armour
 26790 | IceCv    | Reached skill level 12 in Conjurations
 26857 | IceCv    | Learned a level 7 spell: Orb of Destruction
 27122 | IceCv    | Identified the staff of conjuration "Hatost" {rElec Stlth+}
 27127 | IceCv    | Got the Tome of Rotting Vapour
 27428 | D:14     | Noticed Agnes
 27431 | D:14     | Killed Agnes
 27432 | D:14     | Reached skill level 5 in Shields
 27891 | D:15     | Entered Level 15 of the Dungeon
 27980 | D:15     | Reached skill level 1 in Air Magic
 28018 | D:15     | Found a staircase to the Depths.
 28842 | D:14     | Bought the ring of Ralezoa {Fly rPois Int-3 Dex+4 Stlth+}
                  | for 470 gold pieces
 28990 | Shoals:1 | Entered Level 1 of the Shoals
 29972 | Shoals:1 | You are sucked into a shaft and drop 1 floor!
 30394 | Shoals:1 | Reached skill level 13 in Conjurations
 31394 | Shoals:2 | Identified the +8 chain mail "Zelac" {Regen+}
 31850 | Shoals:3 | Reached XP level 16. HP: 128/128 MP: 27/36
 32888 | Shoals:3 | Learned a level 6 spell: Conjure Ball Lightning
 32980 | Shoals:3 | Reached skill level 5 in Dodging
 33146 | Shoals:3 | Noticed Ilsuiw
 33154 | Shoals:3 | Killed Ilsuiw
 33491 | Shoals:4 | Entered Level 4 of the Shoals
 33496 | Shoals:4 | Reached skill level 5 in Air Magic
 33905 | Shoals:4 | Paralysed by an air elemental for 1 turns
 34107 | Shoals:4 | Identified the +6 quarterstaff "Ceev" {speed, Will+ Int+3
                  | Dex-4}
 34246 | Shoals:4 | Paralysed by an air elemental for 1 turns
 34249 | Shoals:4 | Paralysed by an air elemental for 1 turns
 34301 | Shoals:4 | Paralysed by an air elemental for 1 turns
 34684 | Shoals:4 | Identified the +7 hand axe "Hellblazer" {flame, rF+ Will+}
 34922 | Shoals:4 | Got a barnacled rune of Zot
 34936 | Shoals:4 | Identified the +7 short sword of Gravity {freeze, Drain
                  | rPois rN+}
 35169 | Spider:1 | Entered Level 1 of the Spider Nest
 35325 | Spider:1 | Noticed Aizul
 35331 | Spider:1 | Killed Aizul
 35551 | Spider:1 | Noticed Mlioglotl
 35558 | Spider:1 | Noticed a profane servitor
 35560 | Spider:1 | Killed Mlioglotl
 35563 | Spider:1 | Reached XP level 17. HP: 72/138 MP: 6/38
 36095 | Spider:1 | Reached skill level 1 in Evocations
 36363 | Spider:1 | Noticed Donald
 36370 | Spider:1 | Killed Donald
 36584 | Spider:1 | Found a transporter.
 36588 | Spider:1 | Noticed monsoonserge's ghost (journeyman DsMo)
 36589 | Spider:1 | Found a transporter.
 36624 | Spider:1 | Killed monsoonserge's ghost
 36730 | Spider:1 | Reached skill level 14 in Conjurations
 38807 | Spider:3 | Reached skill level 1 in Staves
 38912 | Spider:3 | Got the Atlas of Unstable Guile
 39746 | Spider:4 | Entered Level 4 of the Spider Nest
 39749 | Spider:4 | Noticed Bai Suzhen
 39759 | Spider:3 | Reached skill level 10 in Fighting
 40037 | Spider:4 | Noticed Arachne
 40046 | Spider:4 | Killed Arachne
 40543 | Spider:4 | Killed Bai Suzhen
 40984 | Spider:4 | Found a runed translucent gate.
 40984 | Spider:4 | Found a runed translucent gate.
 40984 | Spider:4 | Found a runed translucent gate.
 40984 | Spider:4 | Noticed ShellytheWitch's ghost (adept MiBe)
 40984 | Spider:4 | Noticed Weastruk's ghost (adept CeHu)
 41001 | Spider:4 | Killed ShellytheWitch's ghost
 41007 | Spider:4 | Killed Weastruk's ghost
 41082 | Spider:4 | Identified the +6 glaive of Ignis's Fury {heavy, *Corrode
                  | rF+ rN++ Dex+3}
 42140 | Spider:4 | Reached XP level 18. HP: 53/148 MP: 4/39
 42410 | Spider:4 | Got a gossamer rune of Zot
 42694 | Elf:1    | Entered Level 1 of the Elven Halls
 42818 | Elf:1    | Identified the +4 long sword of Compound Interest {protect,
                  | +Blink rC+}
 43260 | Elf:1    | Got the Book of Attendants
 43277 | Elf:1    | Found Reywikyquu's Jewellery Shop.
 43749 | Elf:1    | Found Rizuamo Ujakk's Weapon Emporium.
 43854 | Elf:1    | Reached skill level 15 in Conjurations
 44196 | Elf:2    | Reached skill level 1 in Earth Magic
 44399 | Elf:2    | Found Esosuo's Assorted Antiques.
 44581 | Elf:2    | Bought a scroll of blinking for 120 gold pieces
 44581 | Elf:2    | Bought a potion of haste for 160 gold pieces
 44747 | Elf:2    | Reached skill level 5 in Staves
 45029 | Elf:2    | Found a runed translucent gate.
 45030 | Elf:2    | Found a runed translucent gate.
 45030 | Elf:2    | Found a runed translucent gate.
 46172 | Elf:3    | Entered Level 3 of the Elven Halls
 46821 | Elf:3    | Found Boyfufom's Antique Weapon Emporium.
 47231 | Elf:3    | Identified the +9 flail of the Vaults {antimagic, *Noise
                  | rPois rF+}
 47231 | Elf:3    | Identified the ring of Waeq {rC+ Int+3 Dex+3 Stlth+}
 47257 | Elf:3    | Reached XP level 19. HP: 134/158 MP: 2/41
 47786 | Elf:3    | Identified the +4 long sword of Axzaer {spect, Fly}
 48007 | Elf:3    | Identified the +10 plate armour of the Orange Skies {rC+}
 48007 | Elf:3    | Identified the ring of Okawaru's Hope {Wiz rN+}
 48087 | Elf:3    | Identified the +1 long sword of Conservatism {elec, rElec
                  | rC+ rN++ Str-3}
 48089 | Elf:3    | Identified the +0 hand axe of Disintegration {freeze, rElec
                  | Will+ rCorr}
 48100 | Elf:3    | Got Ogumijal's Almanac of the Exiled Yaks
 48101 | Elf:3    | Identified the +1 falchion of Cataclysm {heavy, *Rage rC+
                  | SInv}
 48102 | Elf:3    | Identified the +0 helmet of Devotion {Stlth+}
 48116 | Elf:3    | Identified the +2 hat of Yredelemnul's Approval {rF+}
 48138 | Elf:3    | Identified the staff of earth "Zats" {*Slow Fly rPois
                  | Str+5}
 48141 | Elf:3    | Identified the +4 falchion of Peymeshress {freeze, rN+
                  | Will++}
 48143 | Elf:3    | Identified the +8 war axe of Doacsaip {spect, Int+4}
 48159 | Elf:3    | Identified the amulet "Isainir" {RegenMP Int+3}
 48461 | Elf:3    | Learned a level 5 spell: Borgnjor's Vile Clutch
 48694 | Vaults:1 | Entered Level 1 of the Vaults
 49158 | Vaults:1 | Found Xizygaef's Distillery.
 49194 | Vaults:1 | Found a crumbling gateway.
 49200 | Desolati | Entered the Desolation of Salt
 49431 | Desolati | Identified the +1 robe of Egalitarianism {Rampage rPois
                  | rF+}
 49457 | Desolati | Reached skill level 5 in Earth Magic
 49545 | Desolati | Identified the +3 hand axe of Vacuveco {freeze, rF+ Dex+4}
 49551 | Desolati | Identified the +5 sling "Soil" {drain, *Corrode rF+ Str+3}
 49633 | Desolati | Reached skill level 10 in Shields
 49733 | Desolati | Got the Secrets of Feathery Shapes
 50070 | Desolati | Got the Incunabulum of Nephomancy and Glamour
 50075 | Desolati | Got the Lessons on Shadows and the Sun
 50088 | Desolati | Identified the ring of the Madman {Will+ Int+4}
 50257 | Desolati | Reached skill level 10 in Air Magic
 50594 | Vaults:1 | Identified the amulet "Fozuotyph" {Spirit rN+ SInv}
 50650 | Vaults:1 | Bought a potion of brilliance for 68 gold pieces
 50650 | Vaults:1 | Bought a potion of brilliance for 68 gold pieces
 50650 | Vaults:1 | Bought a potion of curing for 51 gold pieces
 50650 | Vaults:1 | Bought a potion of curing for 51 gold pieces
 50650 | Vaults:1 | Bought a potion of curing for 51 gold pieces
 51270 | Vaults:1 | Reached skill level 16 in Conjurations
 51615 | Vaults:1 | Identified the +8 ring mail "Ciduocs" {rElec Int+4 SInv}
 52395 | Vaults:2 | Found a staircase to the Crypt.
 52423 | Vaults:2 | Reached XP level 20. HP: 148/168 MP: 26/42
 53536 | Vaults:2 | Found Dofuh's Book Shop.
 54273 | Vaults:2 | Bought a book of Power for 420 gold pieces
 54280 | Vaults:2 | Learned a level 6 spell: Iron Shot
 54451 | Vaults:3 | Noticed Boris
 54462 | Vaults:3 | Killed Boris
 55109 | Vaults:3 | Noticed Nikola
 55115 | Vaults:3 | Killed Nikola
 55225 | Vaults:3 | You fall into a shaft and drop 1 floor!
 55881 | Vaults:4 | Found a runed translucent door.
 55885 | Vaults:4 | Noticed wjh11's ghost (veteran MiBe)
 55891 | Vaults:4 | Reached skill level 17 in Conjurations
 55896 | Vaults:4 | Killed wjh11's ghost
 55956 | Vaults:4 | Got the Compendium of Clay
 57249 | Vaults:5 | Entered Level 5 of the Vaults
 57254 | Vaults:5 | Reached XP level 21. HP: 67/178 MP: 36/44
 57419 | Vaults:5 | Identified the +4 scimitar "Giant's Curse" {flame, +Blink}
 57482 | Vaults:5 | Shot with a bolt by a yaktaur captain

Illustrated notes

Levels and vault maps discovered:
D:1:      heliophobic_arrival_henge, layout_rooms, minmay_misc_feat_cross,
          bh_walls_and_bars
D:2:      cheibrodos_pilgrimage, layout_loops_ring, basic_altar
D:3:      layout_basic, cheibrodos_ashenzari_chains,
          nicolae_ecumenical_snake_handling, uniq_robin
D:4:      layout_basic, serial_shops, nicolae_shop_industrial_runoff,
          kennysheep_generic_room_8
D:5:      layout_basic, mainiacjoe_overflow_concentric_impassable,
          minmay_temple_entry_ruins, serial_glass, glass_columns_c,
          glass_columns_a
D:6:      layout_loops_corners, minmay_ogre_servants, uniq_menkaure,
          uniq_blork_the_orc, uniq_sigmund
D:7:      layout_basic, gammafunk_temple_overflow_statue
D:8:      layout_loops_ring, hellmonk_lair_entry_icy, minmay_small_thing,
          uniq_amaemon
D:9:      layout_small_grid, serial_shops, shop_fountains
D:10:     layout_long_grid, nicolae_overflow_hidden_temple, zombieorc2_lemuel,
          dk_rats_in_the_wall, uniq_maggie
D:11:     layout_rooms, uniq_psyche, uniq_erica
D:12:     layout_loops_ring, ebering_ghost_gozag, serial_shops,
          nicolae_shop_tiny_glass, serial_bayou_pond_c
D:13:     layout_rooms, erik_vaults_1, roderic_lattice_a, bloody_makhleb
D:14:     layout_gridville, portal_ice_cave_entry_ugly_swarm, chequers_garden,
          serial_shops, nicolae_shop_pleasant_corner_grove, uniq_agnes
D:15:     hangedman_depths_entry_civil_slaughter, layout_irregular_city,
          nicolae_gozag_cash_rules_everything_around_me
Lair:1:   layout_small_grid, chequers_serial_rivers_large_a, fungi_pond_lemuel,
          eino_small_chamber_without_monster, grunt_megastairs_2
Lair:2:   layout_cave_pods, spider_nest_entry_web_field, basic_altar,
          grunt_megastairs_3
Lair:3:   layout_cave_shapes, minmay_shoals_entry_beasts, uniq_gastronok,
          uniq_nessos
Lair:4:   layout_gridlike, minmay_slime_entry_oklob_open, minivault_25,
          dreamdust_wasp_nest
Lair:5:   minmay_lair_end_enchanted_forest, layout_hall_layers,
          chequers_serial_rivers_large_b, grunt_forest_large_clearings,
          serial_bayou_shore_b, lemuel_fruit_fields
Shoals:1: layout_shoals
Shoals:2: layout_shoals, nicolae_shoals_stone_sculpture_thing
Shoals:3: layout_shoals, nicolae_shoals_lost_giant_pillars, uniq_ilsuiw
Shoals:4: shoals_end_hellmonk_storm_palace [storm_palace_center_square,
          storm_palace_corner_altar, storm_palace_corner_grid,
          storm_palace_corner_narrow, storm_palace_corner_grid]
Spider:1: layout_spider_delve, gammafunk_ghost_mausoleum, uniq_mlioglotl,
          uniq_aizul, uniq_donald
Spider:2: layout_cave_pods
Spider:3: layout_spider_delve
Spider:4: spider_rune_water, gammafunk_ghost_cemetery, uniq_bai_suzhen,
          uniq_arachne
Orc:1:    nicolae_orc_accident_1, layout_caves
Orc:2:    st_orc_open, layout_caves
Elf:1:    minmay_elf_arrival_plus, layout_geoelf_diagonals, serial_shops, shop,
          nicolae_shop_bloodbath_and_beyond, minmay_elf_demonology
Elf:2:    nicolae_elf_blades_crystal_corner, layout_loops_corners, serial_shops,
          shop, hangedman_glass_teeth, hex_tiny, corexii_checkpoint_a
Elf:3:    minmay_elf_hall_statues, layout_geoelf_castle, serial_shops, shop,
          dk_noncrumbling_2, minivault_19, minmay_curled_crystal,
          nicolae_elf_martial_mastery
Vaults:1: portal_desolation_entry_nicolae_forbidding_blocks, vaults_dpeg_doors,
          v_misc_11, hangedman_vaults_stretched_pinwheel,
          nicolae_vaults_little_squares_6, hangedman_vaults_capsules,
          vaults_dpeg_ring, vaults_standard_mumra_x,
          nicolae_vaults_specimen_jars, nicolae_vaults_double_plus_1,
          layout_vaults_chaotic_city, serial_shops, nicolae_shop_rolling_square
Vaults:2: grunt_vaults_trifunnel, nicolae_vaults_shelves_hall,
          grunt_vaults_diagonal, minmay_crypt_entry_simple_walls,
          v_alt_pattern_3, nicolae_vaults_circle_grid_b,
          nicolae_vaults_closet_pinwheel_2, nicolae_vaults_network_periphery,
          nicolae_vaults_what_the_h, nicolae_vaults_little_squares_4,
          nicolae_vaults_trapezoid_lopsided_4, layout_vaults_omnibox,
          serial_shops, shop
Vaults:3: nicolae_vaults_storage_closets_2, nicolae_vaults_border_crossing,
          v_misc_2, vaults_room_fours, vaults_mumra_hexcomb, v_misc_17,
          nicolae_vaults_surprise_closet_hard, nicolae_vaults_tetromino_T_2,
          dpeg_vaults_monster_box, layout_vaults_omnigrid, uniq_nikola,
          uniq_margery, uniq_boris
Vaults:4: hellmonk_ghost_big_iron, nicolae_vaults_sightless_eye,
          hangedman_vaults_cutoff, v_misc_10, nicolae_vaults_hallways_thing,
          nicolae_vaults_tetromino_T_1, nicolae_vaults_closet_pinwheel_3,
          grunt_vaults_hallway_short, nicolae_vaults_trapezoid_lopsided_3,
          nicolae_vaults_hexular_roomagon, nicolae_vaults_storage_closets_3,
          layout_vaults_ring
Vaults:5: serial_shops

Skill      XL: |  1  2  3  4  5  6  7  8  9 10 11 12 13 14 15 16 17 18 19 20 |
---------------+-------------------------------------------------------------+-----
Spellcasting   | 2 3 5 6 7 8 9 10 11 12 13 14 | 14.5
Conjurations   | 4 5 6 8 9 10 11 13 14 15 16 17 | 17.0
Fighting       | 1 2 3 4 5 6 7 8 9 10 11 12 13 | 13.0
Dodging        | 2 3 4 6 7 8 |  8.0
Stealth        | 2 4 5 6 |  6.0
Ice Magic      | 3 5 |  5.2
Armour         | 1 2 3 5 6 7 9 10 11 | 11.0
Translocations | 4 5 6 |  6.0
Transmutations | 3 5 7 8 |  8.0
Necromancy     | 4 5 6 7 8 |  8.0
Fire Magic     | 3 6 8 |  8.0
Shields        | 1 4 6 8 9 10 | 10.0
Air Magic      | 4 6 8 9 10 13 | 13.7
Evocations     | 3 4 |  4.0
Staves         | 3 6 8 |  8.0
Earth Magic    | 3 7 8 |  8.0
Hexes          | |  0.7

Action                     |  1- 3 |  4- 6 |  7- 9 | 10-12 | 13-15 | 16-18 | 19-21 || total
---------------------------+-------+-------+-------+-------+-------+-------+-------++-------
  Melee: Short sword       |     1 |     6 |       |       |       |       |       ||     7
         Punch             |       |     1 |       |       |       |       |       ||     1
         Trident           |       |     1 |       |       |       |       |       ||     1
         Flail             |       |       |       |    61 |     6 |       |       ||    67
         Bite              |       |       |       |       |     1 |     7 |     4 ||    12
         Staff             |       |       |       |       |       |    30 |    18 ||    48
  Throw: Dart              |       |       |     2 |       |       |       |       ||     2
   Cast: Magic Dart        |    34 |    60 |    33 |    76 |   148 |   168 |    21 ||   540
         Searing Ray       |     6 |    40 |    40 |    48 |    45 |       |       ||   179
         Frozen Ramparts   |       |     3 |     7 |       |       |       |       ||    10
         Hailstorm         |       |       |    21 |    15 |     9 |       |       ||    45
         Iskenderun's Myst |       |       |     4 |     9 |    16 |    21 |    29 ||    79
         Iskenderun's Batt |       |       |     9 |    68 |   106 |   121 |    20 ||   324
         Irradiate         |       |       |       |    35 |    65 |    76 |    31 ||   207
         Fireball          |       |       |       |    13 |   202 |   321 |   135 ||   671
         Sublimation of Bl |       |       |       |     6 |   166 |   229 |   105 ||   506
         Ozocubu's Armour  |       |       |       |       |     5 |     9 |     9 ||    23
         Orb of Destructio |       |       |       |       |    54 |   140 |   163 ||   357
         Conjure Ball Ligh |       |       |       |       |       |     6 |    27 ||    33
         Borgnjor's Vile C |       |       |       |       |       |       |    77 ||    77
         Iron Shot         |       |       |       |       |       |       |    86 ||    86
  Evoke: Wand              |       |       |       |     4 |       |     3 |       ||     7
         Phantom mirror    |       |       |       |       |       |       |     1 ||     1
         Condenser vane    |       |       |       |       |       |       |     1 ||     1
    Use: Scroll            |     4 |     1 |     2 |    15 |    13 |     3 |    21 ||    59
         Potion            |     1 |       |       |    10 |     3 |     2 |    24 ||    40
   Stab: Sleeping          |       |       |       |       |       |     1 |       ||     1
 Armour: Robe              |     4 |     4 |       |       |       |       |       ||     8
         Leather armour    |       |     7 |     1 |       |       |       |       ||     8
         Steam dragon scal |       |       |     9 |    37 |       |       |       ||    46
         Acid dragon scale |       |       |       |    81 |    12 |       |       ||    93
         Scale mail        |       |       |       |       |    69 |   187 |    56 ||   312
  Dodge: Dodged            |     6 |    23 |    27 |   147 |    93 |   127 |    73 ||   496
         Repelled          |       |       |       |       |       |     3 |     3 ||     6
  Block: Buckler           |       |       |       |       |    31 |    20 |       ||    51
         Kite shield       |       |       |       |       |       |    97 |    92 ||   189
